 Dungeon Crawl Stone Soup version 0.30.1 (webtiles) character file.

Game seed: 775415216095867157

7 monsoonserge the Gusty (level 1, -1/14 HPs)
             Began as a Demigod Air Elementalist on July 6, 2023.
             Slain by a gnoll
             ... wielding a +2 heavy spear
              (15 damage)
             ... on level 1 of the Dungeon.
             The game lasted 00:00:53 (388 turns).

monsoonserge the Gusty (Demigod Air Elementalist)    Turns: 388, Time: 00:00:54

Health: -1/14      AC:  2    Str:  9    XL:     1   Next: 66%
Magic:  2/5        EV: 12    Int: 17    God:
Gold:   14         SH:  0    Dex: 14    Spells: 2/3 levels left

rFire   . . .        (no weapon)
rCold   . . .        (no shield)
rNeg    . . .        a - +0 robe
rPois   .            (no helmet)
rElec   .            (no cloak)
rCorr   .            (no gloves)
SInv    .            (no boots)
Will    .....        (no amulet)
Stlth   ++           (no ring)
HPRegen 0.22/turn    (no ring)
MPRegen 0.09/turn

%: no passive effects
@: no status effects
A: high MP 1, forlorn, divine attributes
a: no special abilities


You were on level 1 of the Dungeon.
You visited 1 branch of the dungeon, and saw 1 of its levels.

You collected 14 gold pieces.

Inventory:

Armour
 a - a +0 robe (worn)
Scrolls
 c - a scroll of teleportation {unknown}
Potions
 b - a potion of magic


   Skills:
 + Level 1.9 Dodging
 + Level 1.7 Stealth
 + Level 1.7 Spellcasting
 + Level 0.8 Conjurations
 + Level 3.0 Air Magic


You had 2 spell levels left.
You knew the following spells:

 Your Spells              Type           Power      Damage    Failure   Level
a - Shock                 Conj/Air       32%        1d5       9%          1

Your spell library contained the following spells:

 Spells                   Type           Power      Damage    Failure   Level
 Static Discharge         Conj/Air       16%        2-3/arc   13%         2
 Swiftness                Air            11%        N/A       17%         3
 Airstrike                Air            5%         2d(1-17)  50%         4


Dungeon Overview and Level Annotations

Branches:
Dungeon (1/15)


Innate Abilities, Weirdness & Mutations

You have an increased reservoir of magic. (+10% MP)
You shall have no god before yourself.
Your divine heritage dramatically boosts your attributes as you level up.


Message History

Unknown command.
Casting: Shock (safe; 9% risk of failure)
Confirm with . or Enter, or press ? or * to list all spells.
Aiming: Shock (safe; 9% risk of failure)
Press: ? - help, Shift-Dir - straight line, f/p - endoplasm
Aim: an endoplasm (almost dead, 97% to hit)
The zap hits the endoplasm.
You kill the endoplasm!
Unknown command.
You start resting.
Your magical contamination has completely faded away.
You start resting.
Magic restored.
A gnoll comes into view. It is wielding a +2 heavy spear.
The gnoll shouts!
A hobgoblin comes into view.
Casting: Shock (safe; 9% risk of failure)
Confirm with . or Enter, or press ? or * to list all spells.
Aiming: Shock (safe; 9% risk of failure)
Press: ? - help, Shift-Dir - straight line, f - gnoll
Aim: a gnoll, wielding a +2 heavy spear (72% to hit)
The zap misses the gnoll.
The hobgoblin shouts!
You hear a shout!
Casting: Shock (safe; 9% risk of failure)
Confirm with . or Enter, or press ? or * to list all spells.
Aiming: Shock (safe; 9% risk of failure)
Press: ? - help, Shift-Dir - straight line, f/p - gnoll
Aim: a gnoll, wielding a +2 heavy spear (72% to hit)
The zap hits the gnoll.
The gnoll is moderately wounded.
Casting: Shock (safe; 9% risk of failure)
Confirm with . or Enter, or press ? or * to list all spells.
Aiming: Shock (safe; 9% risk of failure)
Press: ? - help, Shift-Dir - straight line, f/p - gnoll
Aim: a gnoll, wielding a +2 heavy spear (moderately wounded, 72% to hit)
The zap hits the gnoll.
The gnoll is severely wounded.
The gnoll hits you from afar with a +2 heavy spear!
Ouch! That really hurt!
You die...

#...# ## #####...##.# .
##.........#.# ##.
..........## . ...
##.........# #.#.#
#####...##.# .#.# #..(#
.g# #...# #.#####.#
#...# #@......# ####.###
#..g....# #......#
#.##.##.# ##.##.#.# #.#
.. ###...#.#.######.##
#.#
#.......#.........####.#
#.#.......##.#.#.......#
..........#.....#.######
.............#..#.#


You could see a gnoll and a hobgoblin.

Vanquished Creatures
  3 bats (D:1)
  An endoplasm (D:1)
  A goblin (D:1)
  A rat (D:1)
6 creatures vanquished.

Notes
Turn   | Place    | Note
-------+----------+-------------------------------------------
     0 | D:1      | monsoonserge the Demigod Air Elementalist began the quest
                  | for the Orb.
     0 | D:1      | Reached XP level 1. HP: 14/14 MP: 5/5
   273 | D:1      | Reached skill level 3 in Air Magic
   388 | D:1      | Slain by a gnoll

Illustrated notes

Levels and vault maps discovered:
D:1:      elethiomel_arrival_quiet, layout_loops_cross

Skill      XL: |  1 |
---------------+----+-----
Air Magic      | 3 |  3.0
Dodging        | |  1.9
Stealth        | |  1.7
Spellcasting   | |  1.7
Conjurations   | |  0.8

Action                     || total
---------------------------++-------
   Cast: Shock             ||    17
  Dodge: Dodged            ||     2
